cohdb
Replays
Latest Replays
All Replays
Popular Replays
Top Player Replays
Match Explorer
How It Works
Community
CoH3 Stats
Reddit
Sign in to upload your games and track your stats! →
Sign in with Steam
Match 42873819
Unlisted
Match 42873819
Overview
Messages
Build Orders
End
Construct Section Command Post
Infantry Section
Selects Indian Artillery Battlegroup
Infantry Section
Infantry Section
Grenade Package
Construct Field Infirmary
Selects Artillery Saturation
Construct Platoon Command Post
6-pounder Anti-tank Gun Team
Infantry Training
Unlock Bishop Self-propelled Artillery
Random_Target
just a chill world leader ♡
Mace
mr_ako
Stepan Pantera
Thomsen
0
0
Comments
sign in to comment!
No comments posted yet!